 Dungeon Crawl Stone Soup version 0.30-a0-964-gd452b5e7fa (webtiles) character file.

Game seed: 2258717715631317014

86 kae the Cudgeller (level 4, -3/39 HPs)
             Began as a Minotaur Fighter on Mar 30, 2023.
             Slain by a gnoll
             ... wielding a +0 halberd
              (5 damage)
             ... on level 2 of the Dungeon.
             The game lasted 00:00:53 (1261 turns).

kae the Cudgeller (Minotaur Fighter)                Turns: 1261, Time: 00:00:53

Health: -3/39      AC:  6    Str: 22    XL:     4   Next: 27%
Magic:  3/3        EV:  9    Int:  5    God:
Gold:   60         SH:  4    Dex: 10    Spells: 3/3 levels left

rFire   . . .      SeeInvis .    a - +0 flail
rCold   . . .      Faith    .    c - +0 buckler
rNeg    . . .      Spirit   .    b - +0 scale mail
rPois   .          Reflect  .    (helmet restricted)
rElec   .          Rampage  .    (no cloak)
rCorr   .                        (no gloves)
Will    .....                    (no boots) Stlth
                                 (no amulet)
HPRegen 0.26/turn                (no ring)
MPRegen 0.08/turn                (no ring)

@: flying
A: horns 2, retaliatory headbutt
a: no special abilities


You were on level 2 of the Dungeon.
You visited 1 branch of the dungeon, and saw 2 of its levels.

You collected 60 gold pieces.


Innate Abilities, Weirdness & Mutations

You have a pair of horns on your head.
You reflexively headbutt those who attack you in melee.


   Skills:
 - Level 3.6 Fighting
 + Level 5.5 Maces & Flails
 - Level 3.6 Armour
 - Level 3.6 Shields


You had 3 spell levels left.
You didn't know any spells.
Your spell library contained the following spells:

 Spells                   Type           Power      Damage    Failure   Level
 Sandblast                Erth           0%         2d4       88%         1
 Passwall                 Tmut/Erth      0%         N/A       95%         2
 Stone Arrow              Conj/Erth      0%         3d7       99%         3

Inventory:

Hand Weapons
 a - a +0 flail (weapon)
Missiles
 m - 4 stones (quivered)
Armour
 b - a +0 scale mail (worn)
 c - a +0 buckler (worn)
Jewellery
 l - an amulet of reflection
   (You found it on level 2 of the Dungeon)
Scrolls
 e - 3 scrolls of identify {unknown}
 f - a scroll of amnesia {unknown}
 i - a scroll of immolation {unknown}
 k - a scroll of magic mapping {unknown}
 n - a scroll of noise {unknown}
Potions
 d - a potion of might
 h - a potion of curing {@q1}

Dungeon Overview and Level Annotations

Branches:
Dungeon (2/15) Zot: 10707

Altars:

#.....)....
#.......#..
#...>..###.
#.....##.##
#######.#.# ##.#.#†
## ##.#.#.#
#.######## ##.#.###.
#.$@ggg..###.#.##.##
##.#####.##.#.##.#.#
#.# ##.#.##.#.#. #.#
##.#.##.#...# ##.##
#.#.##.#.##[.
#...#####.#.##.#.##.
♣♣♣♣######.....#
##.#.##.#.##
~P~PP~~P~~...#.#
##.#.##.#.#
~≈≈~PP~~~~...#.#
##.#.##.#.


You could see 3 gnolls.


Message History

Key pressed, stopping explore.
No target in view!
No target in view! 😎 HP[+8]
Your hp is fully restored (39).
A hobgoblin comes into view.
The hobgoblin shouts!
You hear a shout!
The hobgoblin hits you but does no damage.
A hobgoblin is nearby!
Unknown command.
A hobgoblin is nearby!
A hobgoblin is nearby!
You barely miss the hobgoblin. You headbutt the hobgoblin.
You kill the hobgoblin!
No target in view!
A gnoll comes into view.
It is wielding a +0 flail. 3 gnolls come into view.
The gnoll shouts! x3
The gnoll closely misses you.
You hit the gnoll. You headbutt the gnoll. The gnoll hits you with a +0 flail.
The gnoll hits you but does no damage. 😕 HP[-4]
You take 4 damage, and now have 35/39 hp.
There are monsters nearby!
You sock the gnoll!
You kill the gnoll!
The gnoll closely misses you.
The gnoll hits you from afar with a +0 halberd!
You block the gnoll's attack.
Things that are here:
a +0 flail; a gnoll corpse; 😮 HP[-10]
You take 10 damage, and now have 25/39 hp.
MASSIVE DAMAGE!! (PAUSE)
You are too injured to fight recklessly!
You are too injured to fight recklessly!
You are too injured to fight recklessly!
You are too injured to fight recklessly!
Unknown command.
You completely miss the gnoll. The gnoll barely misses you.
The gnoll closely misses you.
You hit the gnoll but do no damage. Your headbutt misses the gnoll.
The gnoll hits you but does no damage.
The gnoll hits you from afar with a +0 halberd.
* * * LOW HITPOINT WARNING * * *
The gnoll barely misses you. The gnoll closely misses you. 😨 HP[-6]
You take 6 damage, and now have 19/39 hp.
Unknown command.
You thump the gnoll! The gnoll closely misses you.
The gnoll hits you with a +0 halberd.
* * * LOW HITPOINT WARNING * * *
😨 HP[-2]
You take 2 damage, and now have 17/39 hp.
You closely miss the gnoll. Your headbutt misses the gnoll.
The gnoll hits you from afar with a +0 halberd.
* * * LOW HITPOINT WARNING * * *
The gnoll hits you with a +0 halberd!
* * * LOW HITPOINT WARNING * * *
😱 HP[-11]
You take 11 damage, and now have 6/39 hp.
MASSIVE DAMAGE!! (PAUSE)
You barely miss the gnoll. The gnoll barely misses you.
The gnoll hits you with a +0 halberd.
* * * LOW HITPOINT WARNING * * *
😱 HP[-1]
You take 1 damage, and now have 5/39 hp.
Unknown command.
It was a potion of flight.
You feel very buoyant.
You fly up into the air.
The gnoll hits you but does no damage. You block the gnoll's attack.
Unknown command.
Unknown command.
It was a potion of curing.
You feel better. The gnoll hits you with a +0 halberd.
* * * LOW HITPOINT WARNING * * *
The gnoll misses you. 😨 HP[+6]
You regained 6 hp, and now have 11/39 hp.
It was a potion of ambrosia.
You are confused.
You feel invigorated.
The gnoll hits you from afar with a +0 halberd.
* * * LOW HITPOINT WARNING * * *
The gnoll hits you with a +0 halberd.
* * * LOW HITPOINT WARNING * * *
😱 HP[-4]
You take 4 damage, and now have 7/39 hp.
You bump into the rock wall.
The gnoll closely misses you.
The gnoll hits you from afar with a +0 halberd!
* * * LOW HITPOINT WARNING * * *
😱 HP[-5]
You take 5 damage, and now have 2/39 hp.
Unknown command.
You bump into the rock wall.
You feel less invigorated.
You feel less confused. The gnoll hits you with a +0 halberd.
* * * LOW HITPOINT WARNING * * *
The gnoll hits you from afar with a +0 halberd.
You die...

Skill      XL: |  1  2  3 |
---------------+----------+-----
Maces & Flails | 3 4 5 |  5.5
Fighting       | |  3.6
Armour         | |  3.6
Shields        | |  3.6

Action                     |  1- 3 |  4- 6 || total
---------------------------+-------+-------++-------
  Melee: Flail             |    71 |    28 ||    99
         Headbutt          |    15 |     3 ||    18
    Use: Potion            |       |     3 ||     3
 Armour: Scale mail        |    32 |    11 ||    43
  Dodge: Dodged            |    39 |    21 ||    60
  Block: Buckler           |    13 |     6 ||    19

Levels and vault maps discovered:
D:1:      tarquinn_simple_flora_water_e, layout_loops_ring
D:2:      minmay_inner_zag, layout_rooms, serial_bayou, serial_bayou_pond_d,
          serial_bayou_shore_b, serial_bayou_ford_a, serial_bayou_shore_a,
          chequers_serial_rivers_room_b

Notes
Turn   | Place    | Note
-------+----------+-------------------------------------------
     0 | D:1      | kae the Minotaur Fighter began the quest for the Orb.
     0 | D:1      | Reached XP level 1. HP: 19/19 MP: 0/0
     0 | D:1      | magus.rc [v1.11.3]
    66 | D:1      | Reached skill level 3 in Maces & Flails
   113 | D:1      | Reached XP level 2. HP: 26/26 MP: 1/1
   387 | D:1      | Reached skill level 4 in Maces & Flails
   538 | D:1      | Reached XP level 3. HP: 28/31 MP: 2/2
   743 | D:2      | Reached skill level 5 in Maces & Flails
   931 | D:2      | You pick up a book of Geomancy and begin reading...
   931 | D:2      | You add the spells Sandblast, Passwall and Stone Arrow to
                  | your library.
   983 | D:2      | Reached XP level 4. HP: 34/39 MP: 3/3
  1255 | D:2      | HP: 6/39 [gnoll/+0 halberd (7)]
  1260 | D:2      | HP: 2/39 [gnoll/+0 halberd (8)]
  1261 | D:2      | Slain by a gnoll

Vanquished Creatures
  A gnoll (D:2)
  3 adders (D:2)
  2 dart slugs (D:2)
  7 ball pythons
  4 endoplasms (D:1)
  3 giant cockroaches
  9 hobgoblins
  2 bats (D:1)
  2 frilled lizards
  6 goblins
  A kobold (D:2)
  4 rats
44 creatures vanquished.

Vanquished Creatures (others)
  7 plants (D:2)
7 creatures vanquished.

Grand Total: 51 creatures vanquished

Table legend:
 A = Non-vault XP
 B = Vault XP
 C = Vault XP percentage of total XP
 D = Non-vault monster count
 E = Vault monster count
 F = Vault count percentage of total count
                 A         B        C        D         E       F
            +---------+---------+-------+---------+---------+-------
      Total |     117 |       7 |   5.6 |      40 |       4 |   9.1
            +---------+---------+-------+---------+---------+-------
        D:1 |      45 |       0 |   0.0 |      27 |       0 |   0.0
        D:2 |      72 |       7 |   8.9 |      13 |       4 |  23.5
            +---------+---------+-------+---------+---------+-------

Illustrated notes

Table legend:
 A = Kills in this place as a percentage of kills in the entire game.
 B = Kills by you in this place as a percentage of kills by you in the entire game.
 C = Kills by friends in this place as a percentage of kills by friends in the entire game.
 D = Other kills in this place as a percentage of other kills in the entire game.
 E = Experience gained in this place as a percentage of experience gained in the entire game.
 F = Experience gained in this place divided by the number of levels of this place that you have seen.
                   A       B       C       D       E      F
               +-------+-------+-------+-------+-------+----------------------
         Total | 100.0 | 100.0 |   N/A |   N/A | 100.0 |  62.0
       Dungeon | 100.0 | 100.0 |   N/A |   N/A | 100.0 |  62.0
               +-------+-------+-------+-------+-------+----------------------

Table legend: (Time is in decaauts)
 A = Elapsed time spent in this place.
 B = Non-inter-level travel time spent in this place.
 C = Inter-level travel time spent in this place.
 D = Time resting spent in this place.
 E = Time spent auto-exploring this place.
 F = Levels seen in this place.
 G = Mean time per level.
                   A        B        C        D        E       F      G
               +--------+--------+--------+--------+--------+-----+--------+
         Total |   1291 |   1265 |     26 |      0 |   1011 |   2 |  645.5 |
       Dungeon |   1291 |   1265 |     26 |      0 |   1011 |   2 |  645.5 |
               +--------+--------+--------+--------+--------+-----+--------+

Top non-repeatable levels by time:
     D:1: 706 daAuts
     D:2: 585 daAuts
